Map: 2000 애트모스피어 - 래더

Players

Solar

  • Race: Zerg Zerg
  • League: Master

RagnaroK (SHIN) - Winner!

  • Race: Zerg Zerg
  • League: Master

Event: DreamHack SC2 Masters Last Chance 2022

VOD

Have the link to the VOD?

Description

Time

  • Played on: Dec. 15, 2021, 5:40 a.m.
  • Length: 8:14

All games in this series

Show
View Real Time Build Order
Export as new Build Order

Solar Zerg 

Build Orders: Hatch First 

Get SALT Encoding   

  12  0:00  Drone  
  13  0:11  Overlord  
  13  0:17  Drone  
  14  0:30  Drone x2  
  16  0:46  Hatchery  
  15  0:51  Drone  
  15  0:54  Drone  
  17  0:57  Drone  
  18  1:08  Extractor  
  17  1:12  Spawning Pool  
  17  1:16  Drone  
  17  1:19  Drone  
  18  1:28  Drone  
  19  1:38  Drone  
  20  1:49  Drone  
  21  1:59  Queen x2  
  21  2:01  Zergling x2, Overlord  
  26  2:09  Metabolic Boost  
  26  2:10  Drone  
  26  2:11  Drone  
  28  2:22  Drone, Zergling x2  
  30  2:32  Hatchery  
  30  2:35  Drone  
  30  2:38  Overlord  
  30  2:42  Drone  
  30  2:43  Zergling x2  
  31  2:54  Drone  
  32  2:58  Zergling x2  
  33  3:08  Zergling x16  
  41  3:15  Roach Warren  
  41  3:19  Drone x2  
  42  3:27  Overlord  
  42  3:28  Drone  
  42  3:46  Drone  
  40  3:48  Queen  
  40  3:49  Drone  
  38  3:56  Roach x6  
  38  3:58  Roach  
  52  4:05  Overlord  
  52  4:07  Evolution Chamber  
  52  4:09  Roach  
  53  4:12  Drone x2  
  53  4:14  Extractor  
  53  4:15  Drone  
  55  4:17  Drone  
  55  4:19  Drone  
  55  4:23  Drone  
  58  4:25  Drone x2  
  60  4:34  Drone  
  60  4:37  Drone  
  61  4:39  Extractor  
  61  4:40  Drone  
  61  4:42  Overlord  
  61  4:43  Drone  
  62  4:48  Zergling x4  
  62  4:49  Zerg Ground Armor Level 1  
  65  4:52  Zergling x2  
  65  4:59  Overlord  
  65  5:01  Roach x3  
  65  5:04  Overlord  
  65  5:06  Roach  
  73  5:10  Overlord  
  72  5:18  Roach x3  
  78  5:23  Zergling x6  
  81  5:31  Roach x3  
  87  5:41  Zergling x6  
  87  5:42  Zergling x6  
  93  5:45  Overlord  
  93  5:56  Roach x2  
  97  5:59  Overlord  
  97  6:01  Zergling x2  
  97  6:03  Overlord  
  98  6:04  Zergling x4  
  98  6:05  Zergling x4  
  98  6:10  Roach  
  103  6:14  Zergling x6  
  103  6:16  Overlord  
  106  6:19  Ravager x2  
  106  6:20  Ravager x2  
  106  6:22  Ravager  
  106  6:24  Zergling x4  
  113  6:32  Zergling x8  
  117  6:35  Zergling x2  
  117  6:36  Zergling x4  
  120  6:41  Ravager x2, Overlord  
  120  6:43  Zergling x2  
  123  6:47  Zergling x4  
  123  6:48  Zergling x2  
  123  6:50  Zergling x2  
  123  6:52  Zergling x2  
  128  7:01  Zergling x10  
  122  7:04  Zergling x4  
  122  7:06  Zergling x4  
  107  7:10  Zergling x2  
  107  7:11  Ravager  
  107  7:13  Zergling x4  
  108  7:18  Zergling x6  
  108  7:21  Ravager, Zergling x2  
  109  7:27  Zergling x4  
  104  7:31  Ravager  
  104  7:32  Zergling x2  
  104  7:34  Ravager  
  99  7:39  Zergling x4  
  99  7:42  Ravager  
  95  7:45  Zergling x4  
  90  7:55  Zergling x6  
Show
View Real Time Build Order
Export as new Build Order

RagnaroK Zerg - Winner!

Build Orders: Hatch First 

Get SALT Encoding   

  12  0:00  Drone  
  13  0:13  Overlord  
  13  0:18  Drone  
  14  0:32  Drone x2  
  16  0:47  Hatchery  
  15  0:52  Drone  
  15  0:55  Drone  
  17  0:59  Drone  
  18  1:10  Extractor  
  17  1:14  Spawning Pool  
  17  1:17  Drone  
  17  1:20  Drone  
  18  1:28  Drone  
  19  1:53  Drone x2  
  21  2:00  Drone  
  21  2:01  Queen x2  
  24  2:02  Zergling x2  
  27  2:10  Overlord  
  27  2:11  Drone  
  27  2:13  Metabolic Boost  
  28  2:29  Drone x2  
  30  2:35  Drone  
  30  2:36  Hatchery  
  30  2:39  Drone  
  31  2:45  Queen  
  31  2:48  Drone  
  34  2:53  Baneling Nest  
  34  2:58  Overlord  
  33  3:03  Zergling x4  
  33  3:04  Zergling x2  
  36  3:16  Overlord  
  36  3:18  Drone  
  36  3:19  Drone  
  39  3:20  Zergling x6  
  39  3:25  Zergling x2  
  42  3:27  Zergling x2  
  42  3:34  Zergling x2  
  43  3:37  Baneling x2  
  43  3:39  Zergling x4  
  44  3:43  Zergling x6  
  45  3:48  Zergling x2  
  45  3:57  Drone x5  
  50  4:02  Roach Warren  
  49  4:11  Overlord  
  49  4:13  Drone  
  50  4:22  Overlord  
  49  4:25  Extractor  
  49  4:31  Drone x4  
  51  4:38  Evolution Chamber  
  51  4:43  Overlord  
  51  4:44  Roach x2  
  51  4:45  Roach x5  
  64  4:48  Drone x2  
  64  4:49  Drone  
  67  4:53  Drone x2  
  67  4:54  Drone  
  67  4:59  Lair  
  70  5:02  Extractor  
  69  5:07  Zerg Melee Weapons Level 1  
  69  5:08  Drone x2  
  69  5:09  Drone  
  69  5:11  Drone  
  73  5:17  Drone x2  
  73  5:18  Drone x2  
  77  5:21  Extractor  
  77  5:23  Drone x3  
  77  5:25  Drone x2  
  80  5:34  Drone  
  81  5:37  Extractor  
  81  5:39  Overlord  
  81  5:40  Roach  
  81  5:42  Overlord x3  
  81  5:45  Spine Crawler  
  80  5:52  Spine Crawler  
  80  5:55  Roach  
  81  5:58  Roach x3  
  81  5:59  Roach  
  89  6:04  Spire  
  89  6:08  Roach  
  89  6:09  Roach  
  92  6:13  Roach  
  92  6:17  Spine Crawler  
  92  6:18  Spine Crawler  
  92  6:21  Drone  
  92  6:25  Overlord  
  93  6:28  Zergling x2  
  93  6:30  Roach x3  
  93  6:32  Roach  
  100  6:36  Roach  
  100  6:38  Overlord  
  101  6:40  Roach  
  101  6:45  Zergling x2, Roach  
  101  6:46  Zergling x2  
  106  6:50  Baneling x2  
  106  6:52  Zergling x6  
  109  6:59  Zergling x6, Roach  
  113  7:02  Zergling x4  
  113  7:04  Zergling x2  
  113  7:07  Zergling x4  
  102  7:18  Mutalisk x3  
  102  7:21  Mutalisk  
  104  7:23  Mutalisk  
  104  7:27  Mutalisk  
  106  7:30  Mutalisk  
  106  7:33  Mutalisk  
  106  7:36  Mutalisk  
  105  7:40  Roach  
  105  7:43  Roach  
  100  7:44  Mutalisk  
  100  7:49  Zergling x4, Roach  
  102  7:51  Zergling x2  
  102  7:53  Zergling x2  

Tags
 
Add a new tag
Caveats
  • Supply blocks, unpowered buildings, or Contaminate may cause inaccurate times.
  • Supply counts are checked every 10 seconds.